 Dungeon Crawl Stone Soup version 0.20.1-1-g8b1a95d (webtiles) character file.

1636 Haldmier the Ruffian (level 8, -6/75 HPs)
             Began as a Troll Transmuter on July 3, 2017.
             Was a Follower of Yredelemnul.
             Mangled by Joseph
             ... wielding a +3 quarterstaff of protection
              (8 damage)
             ... on level 7 of the Dungeon.
             The game lasted 00:24:03 (4906 turns).

Haldmier the Ruffian (Troll Transmuter)             Turns: 4906, Time: 00:24:04

Health: -6/75      AC:  5    Str: 19    XL:     8   Next: 66%
Magic:  10/10      EV: 11    Int: 11    God:    Yredelemnul [*.....]
Gold:   81         SH:  3    Dex: 10    Spells: 4/11 levels left

rFire    + . .     SeeInvis .     - Unarmed
rCold    . . .     Gourm    +   (no shield)
rNeg     . . .     Faith    .   b - +0 robe
rPois    .         Spirit   .   (helmet restricted)
rElec    .         Reflect  +   i - scarf {repulsion}
rCorr    .         Harm     .   (gloves unavailable)
MR       .....                  (boots unavailable)
Stlth    +.........             n - +3 amulet of reflection
Regen    0.7/turn               m - ring of flight
MPRegen  0.2/turn               q - ring of protection from fire

@: appendage (expiring), repel missiles
A: unfitting armour, claws 3, horns 2, fast metabolism 3, gourmand, regeneration
1, shaggy fur 1, tough skin 2
a: End Transformation, Animate Remains, Renounce Religion, Evoke Flight


You were on level 7 of the Dungeon.
You worshipped Yredelemnul.
Yredelemnul was aware of your devotion.
You were not hungry.
You had grown temporary horns.
You visited 2 branches of the dungeon, and saw 8 of its levels.

You collected 393 gold pieces.
You spent 312 gold pieces at shops.

Inventory:

Hand Weapons
 a - the +3 hand crossbow of Turmoil {penet, -Tele Str-5 Int+5 Stlth+}
   (You bought it in a shop on level 5 of the Dungeon)

   Ammo fired by it will pass through the targets it hits, potentially hitting
   all targets in its path until it reaches maximum range.
   It affects your strength (-5).
   It affects your intelligence (+5).
   It prevents most forms of teleportation.
   It makes you more stealthy.
Missiles
 g - 306 stones
 h - 5 javelins (quivered)
 j - 119 arrows
 B - 8 exploding tomahawks
 E - 3 tomahawks of returning
 I - 3 tomahawks
Armour
 b - a +0 robe (worn)
 i - a scarf of repulsion (worn)
Magical Staves
 o - an uncursed staff of cold {unknown}
Jewellery
 m - a ring of flight (left claw)
 n - a +3 amulet of reflection (around neck)
 q - a ring of protection from fire (right claw)
 H - an uncursed ring of protection from fire
Scrolls
 e - 2 scrolls of teleportation
 f - a scroll of brand weapon
 l - a scroll of recharging {unknown}
 t - a scroll of remove curse
 v - 4 scrolls of magic mapping
 A - 6 scrolls of identify
Potions
 p - a potion of resistance {unknown}
 s - a potion of might {unknown}
 u - a potion of haste {unknown}
 w - a potion of lignification {unknown}
 D - 3 potions of agility {unknown}
 F - a potion of brilliance {unknown}
Books
 c - a book of Changes

   Spells                             Type                      Level
   a - Beastly Appendage              Transmutation                1
   b - Sticks to Snakes               Transmutation                2
   c - Spider Form                    Transmutation/Poison         3
   d - Ice Form                       Ice/Transmutation            4
   e - Blade Hands                    Transmutation                5
Comestibles
 d - 7 bread rations
 k - 5 meat rations
 r - 6 royal jellies
 x - 3 fruits


   Skills:
 + Level 3.3 Fighting
 + Level 4.0 Dodging
 * Level 7.3 Unarmed Combat
 - Level 2.2 Spellcasting
 + Level 3.7 Transmutations
 + Level 1.7 Ice Magic


You had 4 spell levels left.
You knew the following spells:

 Your Spells              Type           Power        Failure   Level  Hunger
a - Beastly Appendage     Tmut           #.....       6%          1    ##.....
b - Sticks to Snakes      Tmut           #.......     9%          2    ###....
c - Ice Form              Ice/Tmut       #.......     65%         4    #####..


Dungeon Overview and Level Annotations

Branches:
Dungeon (7/15)             Temple (1/1) D:4

Altars:
Ashenzari
Cheibriados
Dithmenos
Elyvilon
Fedhas
Gozag
Hepliaklqana
Kikubaaqudgha
Makhleb
Nemelex Xobeh
Qazlal
Sif Muna
Trog
Uskayaw
Vehumet
Yredelemnul
Zin
The Shining One

Shops:
D:4 *   D:5 *

Annotations:
D:6 Paps's ghost, novice MiFi
D:7 Joseph


Innate Abilities, Weirdness & Mutations

You are too large for most types of armour.
You have claws for hands.
Your metabolism is lightning-fast.
You like to eat raw meat.
Your natural rate of healing is unusually fast.
You are covered in fur. (AC +1)
You have very tough skin. (AC +2)
You have a pair of horns on your head.


Message History

Joseph is severely wounded.
Joseph barely misses you.
You claw Joseph!
Joseph is severely wounded.
Joseph hits you with an uncursed quarterstaff of protection.
* * * LOW HITPOINT WARNING * * *
You barely miss Joseph.
Joseph is severely wounded.
You scratch Joseph.
Joseph is almost dead.
Joseph hits you but does no damage.
You claw Joseph!
Joseph is almost dead.
Joseph hits you with an uncursed quarterstaff of protection!
* * * LOW HITPOINT WARNING * * *
You barely miss Joseph. Your headbutt misses Joseph.
Joseph is almost dead.
Joseph hits you with an uncursed quarterstaff of protection!
You die...
Your body rises from the dead as a mindless zombie.

##### ####.#.# #....#.#
#.##.#.#########
#l##.#.........#
#@##@#%......#
#@##.#..<..#
##########.(........#
#.......##.##.#.....#
#...(............#....#
#.......#####.#....####
####.#............## #
#.......$......
#..........#.##
#########..#.#


You could see Joseph and a leopard gecko.

Vanquished Creatures
  Sigmund (D:2)
  A water moccasin (D:7)
  An ice beast (D:7)
  2 ogres (D:4)
  2 centaurs
  2 bullfrogs (D:6)
  A scorpion (D:6)
  2 killer bees (D:7)
  A howler monkey (D:5)
  2 crimson imps
  An orc priest (D:3)
  A hound (D:4)
  A bullfrog skeleton (D:5)
  6 orc wizards
  A worker ant (D:4)
  Natasha (thrice) (D:2)
  A hound zombie (D:5)
  A worker ant zombie (D:7)
  A howler monkey skeleton (D:7)
  2 adders
  3 gnolls (D:3)
  2 shadow imps (D:5)
  An ooze (D:6)
  An adder zombie (D:7)
  An adder skeleton (D:4)
  A worm (D:3)
  4 dart slugs
  4 leopard geckos
  21 orcs
  10 giant cockroaches
  3 hobgoblins
  8 jackals
  11 kobolds
  A quokka (D:2)
  2 ball pythons (D:1)
  6 bats
  5 frilled lizards
  3 goblins
  A leopard gecko skeleton (D:4)
  A quokka skeleton (D:4)
  5 rats
127 creatures vanquished.

Notes
Turn   | Place    | Note
-------+----------+-------------------------------------------
     0 | D:1      | Haldmier the Troll Transmuter began the quest for the Orb.
     0 | D:1      | Reached XP level 1. HP: 18/18 MP: 1/1
    44 | D:1      | Reached XP level 2. HP: 26/26 MP: 2/2
   193 | D:1      | Reached skill level 1 in Fighting
   458 | D:1      | Reached XP level 3. HP: 31/33 MP: 4/4
   690 | D:2      | Found a shattered altar of Ashenzari.
   714 | D:2      | Noticed Natasha
   855 | D:2      | Noticed Sigmund
   878 | D:2      | Killed Sigmund
   878 | D:2      | Reached skill level 4 in Unarmed Combat
   878 | D:2      | Reached XP level 4. HP: 26/41 MP: 3/5
   878 | D:2      | Reached XP level 5. HP: 31/48 MP: 3/6
   940 | D:2      | Killed Natasha
  1076 | D:2      | Found a bloodstained altar of Trog.
  1077 | D:2      | Found a shattered altar of Ashenzari.
  1184 | D:2      | Noticed Natasha
  1193 | D:2      | Killed Natasha
  1445 | D:3      | Found a glowing golden altar of the Shining One.
  1471 | D:3      | Found a burning altar of Makhleb.
  1475 | D:3      | Learned a level 2 spell: Sticks to Snakes
  1528 | D:3      | Reached XP level 6. HP: 52/57 MP: 7/7
  1624 | D:2      | Noticed Natasha
  1629 | D:2      | Killed Natasha
  1726 | D:3      | Reached skill level 5 in Unarmed Combat
  2398 | D:4      | Found a staircase to the Ecumenical Temple.
  2416 | D:4      | Reached XP level 7. HP: 10/65 MP: 9/9
  2432 | Temple   | Entered the Ecumenical Temple
  2488 | Temple   | Became a worshipper of Yredelemnul the Dark
  2774 | D:4      | Found Tasoic's Assorted Antiques.
  2782 | D:4      | Bought a scroll labeled BACOYHYTWO for 20 gold pieces
  2782 | D:4      | Bought a scroll labeled MINEILEVARU for 20 gold pieces
  2835 | D:5      | Entered Level 5 of the Dungeon
  2902 | D:4      | Reached skill level 6 in Unarmed Combat
  3030 | D:4      | Learned a level 4 spell: Ice Form
  3175 | D:5      | Found Weroh's Assorted Antiques.
  3183 | D:5      | Bought an encrusted hand crossbow for 272 gold pieces
  3183 | D:5      | Identified the cursed +3 hand crossbow of Turmoil {penet, -Tele Str-5 Int+5 Stlth+} (You bought it in a shop on level 5 of the Dungeon)
  3492 | D:5      | Reached XP level 8. HP: 74/74 MP: 10/10
  3978 | D:6      | Found a hide-covered altar of Uskayaw.
  4054 | D:6      | Reached skill level 1 in Ice Magic
  4107 | D:6      | Noticed Paps's ghost (novice MiFi)
  4358 | D:7      | Reached * piety under Yredelemnul
  4488 | D:7      | Reached skill level 7 in Unarmed Combat
  4645 | D:7      | Noticed Joseph
  4905 | D:7      | HP: 2/75 [Joseph/uncursed quarterstaff of protection (12)]
  4906 | D:7      | Mangled by Joseph

Skill      XL: |  1  2  3  4  5  6  7  8 |
---------------+-------------------------+-----
Fighting       | 1 2 3 |  3.3
Dodging        | 2 3 4 |  4.0
Unarmed Combat | 4 5 6 7 |  7.3
Transmutations | 2 3 |  3.7
Spellcasting   | 2 |  2.2
Ice Magic      | 1 |  1.7

Action                   |  1- 3 |  4- 6 |  7- 9 || total
-------------------------+-------+-------+-------++-------
Melee: Unarmed           |    84 |   151 |   190 ||   425
       Punch             |     1 |     2 |     4 ||     7
       Kick              |     1 |     3 |     2 ||     6
       Headbutt          |     1 |     1 |     3 ||     5
 Cast: Beastly Appendage |     2 |     2 |     6 ||    10
  Use: Scroll            |       |       |    16 ||    16
       Potion            |       |       |     3 ||     3
 Stab: Sleeping          |     1 |       |     1 ||     2
  Eat: Chunk             |    13 |    15 |    17 ||    45
Armor: Robe              |    34 |    50 |    44 ||   128
Dodge: Dodged            |    41 |    47 |    78 ||   166
       Deflected         |       |       |     2 ||     2
Block: Other             |     4 |    19 |    18 ||    41
       Reflection        |       |     1 |       ||     1
